 Dungeon Crawl Stone Soup version 0.19.5 (webtiles) character file.

5506 theElss the Thaumaturge (level 10, -1/53 HPs)
             Began as a Deep Elf Conjurer on Apr 15, 2017.
             Killed from afar by Psyche (10 damage)
             ... with a puff of flame
             ... on level 9 of the Dungeon.
             The game lasted 00:47:10 (12680 turns).

theElss the Thaumaturge (Deep Elf Conjurer)        Turns: 12680, Time: 00:47:11

Health: -1/53      AC:  5    Str: 13    XL:     10   Next: 42%
Magic:  7/27       EV: 15    Int: 22    God:
Gold:   634        SH:  5    Dex: 15    Spells: 4 memorised, 20 levels left

rFire  . . .     SeeInvis .     u - +2 whip (venom)
rCold  . . .     Gourm    .     a - +0 robe
rNeg   . . .     Faith    .     A - +0 buckler
rPois  +         Spirit   .     j - +1 helmet
rElec  .         Reflect  .     t - +0 cloak
rCorr  .         Harm     .     (no gloves)
MR     +....                    (no boots)
Stlth  ++........               (no amulet)
                                p - +6 ring of strength
                                v - ring of poison resistance

@: very slightly contaminated, drained
A: no striking features
a: no special abilities


You were on level 9 of the Dungeon.
You were hungry.

You visited 1 branch of the dungeon, and saw 10 of its levels.
You also visited: Sewer.

You collected 634 gold pieces.

Inventory:

Hand Weapons
 g - the +6 shortbow "Coj Emev" {flame, rC- rN+ Dex+8 SInv}
   (You found it in a sewer)

   It causes projectiles fired from it to burn those they strike, causing extra
   injury to most foes and up to half again as much damage against particularly
   susceptible opponents.
   It affects your dexterity (+8).
   It makes you vulnerable to cold.
   It protects you from negative energy.
   It lets you see invisible.
 u - a +2 whip of venom (weapon)
Armour
 a - a +0 robe (worn)
 j - a +1 helmet (worn)
 n - a +0 leather armour
 t - a +0 cloak (worn)
 A - a +0 buckler (worn)
Rods
 z - a +0 rod of clouds (11/11)
   (You took it off a gnoll sergeant on level 5 of the Dungeon)
Jewellery
 i - an uncursed ring of positive energy
 p - a +6 ring of strength (right hand)
 v - a ring of poison resistance (left hand)
 V - an uncursed ring of ice {unknown}
Wands
 e - a wand of flame (35/48)
 E - a wand of acid (6/15)
 H - a wand of acid (5/15)
 I - a wand of iceblast (11/15)
 J - a wand of random effects (20/48)
 K - a wand of lightning (1/15)
 L - a wand of flame (12/48)
 P - a wand of iceblast (9/15)
 Q - a wand of iceblast (7/15)
Scrolls
 d - 5 scrolls of remove curse
 o - 2 scrolls of fog {unknown}
 s - a scroll of amnesia
 w - 2 scrolls of recharging
 x - 3 scrolls of teleportation
 y - 2 scrolls of enchant armour {unknown}
 D - a scroll of enchant weapon {unknown}
 S - a scroll of blinking {unknown}
 T - a scroll of brand weapon {unknown}
Potions
 f - a potion of invisibility
 h - 3 potions of brilliance
 k - 3 potions of might
 l - 7 potions of curing
 q - 2 potions of cancellation
 B - 2 potions of cure mutation
 C - 2 potions of heal wounds {unknown}
 F - 3 potions of flight
 M - 2 potions of mutation {unknown}
 O - a potion of haste
Books
 b - a book of Conjurations

   Spells                             Type                      Level
   a - Magic Dart                     Conjuration                  1
   b - Searing Ray                    Conjuration                  2
   c - Dazzling Spray                 Conjuration/Hexes            3
   d - Fulminant Prism                Conjuration/Hexes            4
   e - Iskenderun's Mystic Blast      Conjuration                  4
   f - Iskenderun's Battlesphere      Conjuration/Charms           5
Comestibles
 c - 7 bread rations
 m - 5 fruits
 r - 5 meat rations
 G - a slice of pizza
 N - a beef jerky
 R - a royal jelly
 U - 3 chunks of flesh


   Skills:
 * Level 2.0(1.8) Fighting
 - Level 1.0(0.8) Maces & Flails
 * Level 1.2(0.9) Armour
 + Level 5.6(5.3) Dodging
 - Level 2.4(2.1) Stealth
 - Level 6.1(5.8) Shields
 * Level 11.8(11.5) Spellcasting
 * Level 10.3(10.0) Conjurations
 - Level 0.8(0.5) Charms


You had 20 spell levels left.
You knew the following spells:

 Your Spells              Type           Power        Failure   Level  Hunger
a - Magic Dart            Conj           ####         1%          1    None
b - Iskenderun's Battles  Conj/Chrm      #####...     17%         5    ####...
c - Searing Ray           Conj           ######       1%          2    None
d - Iskenderun's Mystic   Conj           ######..     1%          4    None


Dungeon Overview and Level Annotations

Branches:
Dungeon (10/15)            Temple (0/1) D:5
   Lair: D:8-11         Orc: D:9-12

Altars:

Shops:
D:4 (

Annotations:
D:3 ShaSha's ghost, amateur KoHu
D:9 Psyche


Message History

You hear some strange, mumbled words.
A puff of flame appears from out of thin air!
The puff of flame hits you!
Put on which piece of jewellery? (? for menu, Esc to quit)
Okay, then.
You hear some strange, mumbled words.
Something hits you.
You feel your power leaking away. Something hits you! Something burns you.
There is an open door, spattered with blood here.
Something hits you. Something hits you.
You feel drained. Something hits you but does no damage.
A magic dart appears from out of thin air!
The magic dart hits you!
* * * LOW HITPOINT WARNING * * *
You hear some strange, mumbled words.
A puff of flame appears from out of thin air!
The puff of flame hits you!
You die...

#...# #.# ######.# #.### #.#
#......# #.# #.# ###'#######
#'### #.## #.<.......# ....###
#..# #.........## ....'.####
####'#####.........'.
....#....####.......##.........#.
....####....'.......#..........#.
....# ######...@...#..........##
....# #.......#..........# #####
#..................#
#.......############ #########


There were no monsters in sight!

Vanquished Creatures
  Pikel (D:6)
  A troll (D:9)
  2 two-headed ogres
  2 hippogriffs
  Eustachio (D:6)
  2 hungry ghosts (D:9)
  A wyvern (D:10)
  3 yaks (D:9)
  Menkaure (D:7)
  A water moccasin (D:9)
  3 ice beasts
  An orc warrior (D:7)
  2 sky beasts
  A phantom (D:6)
  A slave (D:6)
  A crocodile (D:9)
  A centaur (D:9)
  4 bullfrogs
  A gnoll sergeant (D:5)
  3 jellies
  A scorpion (D:7)
  A howler monkey (D:7)
  3 crimson imps
  3 bullfrog zombies
  3 hounds
  A quasit (D:8)
  6 orc priests
  A bullfrog skeleton (D:6)
  3 gnoll shamans
  3 orc wizards
  A centaur skeleton (D:4)
  An iguana (D:7)
  7 worker ants
  19 adders
  30 gnolls
  A river rat (D:10)
  A shadow imp (D:6)
  An adder zombie (D:6)
  An adder skeleton (D:7)
  3 worms
  2 dart slugs
  9 leopard geckos
  34 orcs
  3 ball pythons (Sewer)
  12 giant cockroaches
  9 goblins
  6 hobgoblins
  6 jackals
  7 quokkas
  8 bats
  12 frilled lizards
  3 kobolds
  A leopard gecko skeleton (D:8)
  18 rats
253 creatures vanquished.

Vanquished Creatures (others)
  A water moccasin (D:6)
  12 fungi (D:9)
  8 plants (D:9)
21 creatures vanquished.

Grand Total: 274 creatures vanquished

Notes
Turn   | Place    | Note
-------+----------+-------------------------------------------
     0 | D:1      | theElss the Deep Elf Conjurer began the quest for the Orb.
     0 | D:1      | Reached XP level 1. HP: 10/10 MP: 6/6
   357 | D:1      | Reached XP level 2. HP: 15/15 MP: 6/8
   640 | D:1      | Reached skill level 5 in Conjurations
  1361 | D:2      | Learned a level 2 spell: Searing Ray
  1475 | D:2      | Reached XP level 3. HP: 19/19 MP: 1/9
  1812 | D:2      | Reached XP level 4. HP: 24/24 MP: 3/11
  1881 | D:2      | Learned a level 4 spell: Iskenderun's Mystic Blast
  2193 | D:2      | Reached skill level 4 in Spellcasting
  2374 | D:2      | Reached XP level 5. HP: 28/28 MP: 5/13
  3010 | D:3      | Reached skill level 5 in Spellcasting
  3101 | D:3      | Noticed ShaSha's ghost (amateur KoHu)
  3674 | D:4      | Found Efaesab's Weapon Boutique.
  3907 | D:4      | Reached XP level 6. HP: 33/33 MP: 10/16
  4438 | D:5      | Entered Level 5 of the Dungeon
  4556 | D:5      | Found a glowing drain.
  4602 | Sewer    | Entered a sewer
  4810 | Sewer    | Learned a level 5 spell: Iskenderun's Battlesphere
  4994 | Sewer    | Reached skill level 6 in Spellcasting
  5043 | Sewer    | Got a fine shortbow
  5044 | Sewer    | Identified the +6 shortbow "Coj Emev" {flame, rC- rN+ Dex+8 SInv} (You found it in a sewer)
  5452 | D:5      | Reached XP level 7. HP: 36/37 MP: 8/18
  6030 | D:6      | Reached skill level 7 in Spellcasting
  6330 | D:5      | Found a staircase to the Ecumenical Temple.
  7057 | D:6      | Reached skill level 8 in Spellcasting
  7267 | D:6      | Noticed Eustachio
  7328 | D:6      | Reached XP level 8. HP: 13/42 MP: 17/22
  7540 | D:5      | Reached skill level 1 in Fighting
  7808 | D:6      | Killed Eustachio
  7808 | D:6      | Reached skill level 9 in Spellcasting
  8080 | D:6      | Noticed Pikel
  8092 | D:6      | Killed Pikel
  8092 | D:6      | Reached skill level 5 in Dodging
  8092 | D:6      | Reached skill level 10 in Spellcasting
  8512 | D:7      | Noticed a hippogriff
  8516 | D:7      | Killed a hippogriff
  8516 | D:7      | Reached XP level 9. HP: 47/47 MP: 10/25
  9279 | D:7      | Reached skill level 1 in Maces & Flails
  9498 | D:7      | Reached skill level 11 in Spellcasting
  9853 | D:7      | Noticed Menkaure
  9855 | D:7      | Killed Menkaure
 10066 | D:8      | You fall through a shaft for 2 floors!
 10066 | D:10     | Entered Level 10 of the Dungeon
 10073 | D:10     | Reached skill level 1 in Shields
 10658 | D:9      | Noticed a troll
 10663 | D:9      | Killed a troll
 10663 | D:9      | Reached skill level 5 in Shields
 10764 | D:9      | Reached XP level 10. HP: 52/52 MP: 9/27
 12116 | D:9      | Reached skill level 1 in Armour
 12116 | D:9      | Reached skill level 10 in Conjurations
 12658 | D:9      | Noticed Psyche
 12680 | D:9      | Killed from afar by Psyche

Skill      XL: |  1  2  3  4  5  6  7  8  9 10 |
---------------+-------------------------------+-----
Conjurations   | 5 6 7 8 9 10 | 10.3
Spellcasting   | 4 5 6 8 10 11 | 11.8
Dodging        | 3 4 5 |  5.6
Fighting       | 1 2 |  2.0
Maces & Flails | 1 |  1.0
Shields        | 5 6 |  6.1
Armour         | 1 |  1.2
Stealth        | |  2.4
Charms         | |  0.8

Action                   |  1- 3 |  4- 6 |  7- 9 | 10-12 || total
-------------------------+-------+-------+-------+-------++-------
Melee: Whip              |       |       |    19 |       ||    19
 Cast: Magic Dart        |    63 |   157 |   169 |    22 ||   411
       Searing Ray       |     2 |    16 |    13 |     3 ||    34
       Iskenderun's Myst |       |       |    70 |    41 ||   111
       Iskenderun's Batt |       |       |     5 |     9 ||    14
  Use: Scroll            |       |     9 |     3 |     1 ||    13
  Eat: Chunk             |     4 |    10 |    18 |     6 ||    38
       Fruit             |       |     1 |       |     1 ||     2
       Pizza             |       |       |     1 |       ||     1
Armor: Leather armour    |     8 |     1 |       |       ||     9
       Robe              |     1 |    13 |    16 |     8 ||    38
Dodge: Dodged            |     8 |    36 |    78 |    10 ||   132
Block: Buckler           |       |       |     3 |     6 ||     9
